[Event "*** Titled Tuesday Blitz"]
[Site "Chess.com"]
[Date "2020.05.12"]
[Round "7"]
[White "zala02"]
[Black "woodhy"]
[Result "0-1"]
[WhiteElo "2255"]
[BlackElo "2445"]
[TimeControl "180+1"]
[EndTime "11:15:13 PDT"]
[Termination "woodhy won by resignation"]

1. d4 Nf6 2. c4 e6 3. Nc3 Bb4 4. Nf3 b6 5. Bg5 h6 6. Bh4 g5 7. Bg3 Ne4 8. Rc1 Bb7 9. e3 d6 10. Bd3 Nd7 11. d5 Nxg3 12. hxg3 Qf6 13. a3 Bxc3+ 14.
Rxc3 Ne5 15. Be4 O-O-O 16. a4 h5 17. a5 h4 18. gxh4 gxh4 19. Nxe5 Qxe5 20. Bf3 Qf6 21. e4 Rdg8 22. axb6 axb6 23. dxe6 fxe6 24. c5 dxc5 25. Qa4 Qd4 26. Qxd4 cxd4 27. Rd3 e5 28. Rh3 Kd8 29.
Ke2 Ba6 0-1

[Event "*** Titled Tuesday Blitz"]
[Site "Chess.com"]
[Date "2020.05.12"]
[Round "7"]
[White "StephenDedalus83"]
[Black "lupta_robin"]
[Result "1-0"]
[WhiteElo "2735"]
[BlackElo "2588"]
[TimeControl "180+1"]
[EndTime "11:15:14 PDT"]
[Termination "StephenDedalus83 won by resignation"]

1. e4 c5 2. Nf3 d6 3. d4 cxd4 4. Nxd4 Nf6 5. Nc3 g6 6. Be3 Bg7 7. f3 O-O 8. Bc4 Nc6 9. Bb3 Bd7 10. h4 h5 11. Qe2 Nxe4 12. Nxc6 Nxc3 13. Nxd8 Nxe2 14.
Nxf7 Ng3 15. Ne5+ Kh8 16. Nxd7 Rfd8 17. Rh3 Nf5 18. Bf2 Rxd7 19. c3 Be5 20. g4 hxg4 21.
fxg4 Nh6 22. Be6 Rc7 23. Be3 Kg7 24. h5 gxh5 25. Rxh5 Nf7 26. Ke2 Nh8 27. Rf1 Bf6 28. g5 Be5 29. Rfh1 Ng6 30. Rh7+ Kf8 31. Bf5 1-0

[Event "*** Titled Tuesday Blitz"]
[Site "Chess.com"]
[Date "2020.05.12"]
[Round "7"]
[White "Godzillator"]
[Black "RianKapriaga"]
[Result "1-0"]
[WhiteElo "2461"]
[BlackElo "2229"]
[TimeControl "180+1"]
[EndTime "11:15:14 PDT"]
[Termination "Godzillator won by resignation"]

1. d4 Nf6 2. c4 e6 3. Nc3 Bb4 4. Qc2 O-O 5. a3 Bxc3+ 6. Qxc3 d6 7. Bg5 Nbd7 8. e3 b6 9. Bd3 Bb7 10. f3 Qe7 11. Ne2 e5 12. O-O h6 13. Bh4 Rfe8 14. Bf5 g6 15. Bxd7 Qxd7 16. Bxf6 Qf5 17. dxe5 dxe5 18.
Bh4 g5 19. Bg3 f6 20. e4 Qe6 21. Rad1 Rad8 22. Bf2 c5 23. Qc2 h5 24. b3 h4 25.
h3 Kg7 26. Nc3 Kh6 27. Rxd8 Rxd8 28. Rd1 Rg8 29. Nd5 Bc8 30. Qd2 Qf7 31. Kf1 f5 32. exf5 Bxf5 33. Ne3 Bxh3 34. gxh3 Qxf3 35. Qd6+ Kh5 36.
Qe6 g4 37. Qxg8 g3 38. Qg4+ Qxg4 39. hxg4+ Kg5 40. Bxg3 hxg3 41. Kg2 1-0

[Event "*** Titled Tuesday Blitz"]
[Site "Chess.com"]
[Date "2020.05.12"]
[Round "7"]
[White "L_lorenzo"]
[Black "Al_Shima"]
[Result "0-1"]
[WhiteElo "2222"]
[BlackElo "2423"]
[TimeControl "180+1"]
[EndTime "11:15:14 PDT"]
[Termination "Al_Shima won by resignation"]

1. d4 b5 2. Nf3 Bb7 3. c3 a6 4.
Nbd2 f5 5. Qc2 e6 6. e4 fxe4 7. Nxe4 Nf6 8. Ng3 Nc6 9. Bd3 Ne7 10. Ne5 Bxg2 11. Rg1 Bh3 12. Ne4 Bf5 13. Ng5 Qb8 14. Ngf7 Rg8 15. Qe2 Bxd3 16. Qxd3 d6 17. Ng5 dxe5 18. dxe5 Nd7 19. Nxe6 Nxe5 20. Qd5 c6 21. Qg2 Qd6 22. Nd4 O-O-O 23. Bf4 Nd3+ 0-1

[Event "*** Titled Tuesday Blitz"]
[Site "Chess.com"]
[Date "2020.05.12"]
[Round "7"]
[White "MichailovM"]
[Black "KingChess345"]
[Result "1-0"]
[WhiteElo "2399"]
[BlackElo "2220"]
[TimeControl "180+1"]
[EndTime "11:15:15 PDT"]
[Termination "MichailovM won by checkmate"]

1. e4 c5 2. Nf3 Nc6 3. d4 cxd4 4. Nxd4 Nf6 5. Nc3 e5 6. Ndb5 d6 7. Nd5 Nxd5 8. exd5 Ne7 9. c4 Ng6 10. Qa4 Bd7 11. Qb4 Qb8 12. h4 a6 13. h5 Nf4 14. Nc3 a5 15. Qb3 g6 16. hxg6 fxg6 17. g3 Nh5 18. Bg5 Bg7 19. Be2 Nf6 20. Bxf6 Bxf6 21.
Ne4 Be7 22. c5 dxc5 23. d6 Bc6 24. Qe6 Qd8 25. Nf6+ Kf8 26. Rxh7 Bxf6 27. Qf7# 1-0

[Event "*** Titled Tuesday Blitz"]
[Site "Chess.com"]
[Date "2020.05.12"]
[Round "7"]
[White "Semen16"]
[Black "HunterBRR"]
[Result "1-0"]
[WhiteElo "2473"]
[BlackElo "2017"]
[TimeControl "180+1"]
[EndTime "11:15:15 PDT"]
[Termination "Semen16 won on time"]

1. d4 Nf6 2. Nf3 g6 3. Bf4 Bg7 4.
e3 O-O 5. h3 d6 6. Be2 Nbd7 7.
O-O b6 8. c3 Bb7 9. a4 Re8 10. Bh2 a5 11. Nbd2 e5 12. dxe5 dxe5 13.
Qc2 Qe7 14. Bb5 Red8 15. Rfd1 Nd5 16. Nb3 Nf8 17. Qe2 Qe6 18. Bc4 Qe7 19. Bg3 Rd7 20.
Bh4 f6 21. e4 g5 22. Bg3 Kh8 23. Bxd5 Bxd5 24. Rxd5 Rxd5 25. exd5 Ng6 26. Rd1 Rd8 27.
Qc4 Nf4 28. Bxf4 exf4 29. Nbd4 Qe4 30. Re1 Qg6 31. Ne6 g4 32. hxg4 Rg8 33. Qxf4 1-0

[Event "*** Titled Tuesday Blitz"]
[Site "Chess.com"]
[Date "2020.05.12"]
[Round "7"]
[White "SergioGarciaFuentes"]
[Black "Gerodot71"]
[Result "0-1"]
[WhiteElo "2163"]
[BlackElo "2418"]
[TimeControl "180+1"]
[EndTime "11:15:16 PDT"]
[Termination "Gerodot71 won by resignation"]

1. Nf3 Nf6 2. g3 d5 3. d4 Bf5 4. Bg2 Nbd7 5. O-O h6 6. c4 c6 7.
Nbd2 e6 8. b3 Be7 9. Bb2 O-O 10.
Re1 Re8 11. Rc1 Rc8 12. Ne5 a6 13. h4 Bf8 14. e3 Qe7 15. f4 h5 16. Ndf3 Ng4 17.
Nxd7 Qxd7 18. Ne5 Qe7 19. Qd2 Nf6 20. Bf3 Ne4 21. Qg2 g6 22. Kh2 Nf6 23. Rh1 Bg7 24. Kg1 Be4 25. g4 hxg4 26. Nxg4 Bxf3 27. Qxf3 Nh5 28.
Kf2 Qb4 29. Qe2 c5 30. dxc5 Bxb2 31. Qxb2 Rxc5 32. Rhg1 dxc4 33. Rc2 cxb3 34. Rxc5 Qxc5 35. axb3 Rc8 36. Nf6+ Nxf6 37. Qxf6 Qc2+ 38. Kf3 Qc6+ 39. Kf2 Qe4 0-1

[Event "*** Titled Tuesday Blitz"]
[Site "Chess.com"]
[Date "2020.05.12"]
[Round "7"]
[White "fidezivkovic"]
[Black "AliKa2810"]
[Result "0-1"]
[WhiteElo "2364"]
[BlackElo "2537"]
[TimeControl "180+1"]
[EndTime "11:15:18 PDT"]
[Termination "AliKa2810 won on time"]

1. e4 e6 2. d4 d5 3. Nc3 Bb4 4. e5 Ne7 5. a3 Bxc3+ 6. bxc3 c5 7. Qg4 Qc7 8. Qxg7 Rg8 9. Qxh7 cxd4 10. Ne2 dxc3 11.
f4 Nbc6 12. Qd3 b6 13. h4 Bb7 14. h5 O-O-O 15. Rh3 d4 16. g3 Nd5 17. Bg2 Kb8 18. h6 Ncb4 19. axb4 Nxb4 20. Qd1 Bxg2 21. Rh2 Be4 22. Nxd4 Bxc2 23. Rxc2 Rxd4 24. Qe2 Qc6 25. Kf2 Nd3+ 26. Kg1 Rxg3+ 27. Kh2 Rg6 28. Be3 Rxh6+ 29. Kg3 Rg6+ 30. Kh2 Rd8 0-1

[Event "*** Titled Tuesday Blitz"]
[Site "Chess.com"]
[Date "2020.05.12"]
[Round "7"]
[White "Parhamov"]
[Black "ElGasanov"]
[Result "1-0"]
[WhiteElo "3008"]
[BlackElo "2735"]
[TimeControl "180+1"]
[EndTime "11:15:19 PDT"]
[Termination "Parhamov won by resignation"]

1. e4 c5 2. Nf3 Nc6 3. d4 cxd4 4. Nxd4 Nf6 5. Nc3 g6 6. h4 Bg7 7. Be3 O-O 8. h5 d5 9. hxg6 hxg6 10. exd5 Nxd5 11.
Nxc6 bxc6 12. Nxd5 cxd5 13. c3 e5 14. Qc1 d4 15. Bh6 dxc3 16. bxc3 Qf6 17. Bg5 Qf5 18. Be2 Rb8 19. Bh6 Qf6 20. Qe3 Rb2 21. Bxg7 Qxg7 22. Bc4 Rd8 23. O-O Qf6 24. Rab1 Rdd2 25.
Qxa7 Bf5 26. Rxb2 Rxb2 27. Rd1 Be6 28. Bxe6 Qxe6 29. a4 Qb3 30. Rd8+ Kg7 31. Qe7 Rb1+ 32. Kh2 1-0

[Event "*** Titled Tuesday Blitz"]
[Site "Chess.com"]
[Date "2020.05.12"]
[Round "7"]
[White "Arjun2002"]
[Black "harvsp123"]
[Result "1-0"]
[WhiteElo "2673"]
[BlackElo "2536"]
[TimeControl "180+1"]
[EndTime "11:15:19 PDT"]
[Termination "Arjun2002 won by resignation"]

1. e4 c5 2. Nf3 d6 3. Bb5+ Nd7 4. c3 Nf6 5. Bd3 g6 6. Bc2 Bg7 7. d4 b5 8. O-O O-O 9. Re1 Bb7 10. a4 cxd4 11. cxd4 b4 12. b3 e5 13. Bb2 Re8 14.
Nbd2 exd4 15. Bxd4 Rc8 16. Rc1 Nc5 17. Bb1 Nfxe4 18.
Nxe4 Bxe4 19. Bxe4 Rxe4 20. Rxe4 Nxe4 21. Rxc8 Qxc8 22.
Bxg7 Kxg7 23. Qd4+ Nf6 24. Qxb4 Qc1+ 25. Qe1 Qb2 26. Qd1 a5 27. h3 d5 28. Qd3 Qc1+ 29. Kh2 Qf4+ 30. g3 Qe4 31. Qc3 Qe2 32. Kg2 Qxf2+ 33. Kxf2 1-0

[Event "*** Titled Tuesday Blitz"]
[Site "Chess.com"]
[Date "2020.05.12"]
[Round "7"]
[White "MarcoCorvi"]
[Black "Saloni1299"]
[Result "1-0"]
[WhiteElo "2195"]
[BlackElo "2291"]
[TimeControl "180+1"]
[EndTime "11:15:19 PDT"]
[Termination "MarcoCorvi won by resignation"]

1. e4 e6 2. d4 d5 3. Nd2 Nf6 4. e5 Nfd7 5. Bd3 c5 6. c3 Nc6 7.
Ngf3 cxd4 8. cxd4 f6 9. exf6 Nxf6 10. O-O Bd6 11. Nb3 O-O 12. Bg5 Qc7 13. Rc1 Bf4 14. Bxf4 Qxf4 15. Qd2 Qxd2 16. Nbxd2 Bd7 17. Rfe1 Rac8 18.
Nb3 Nb4 19. Bb1 Rxc1 20. Rxc1 Rc8 21. Rxc8+ Bxc8 22. Kf1 Nc6 23. Ke2 Kf7 24. a3 h6 25.
g3 Ke7 26. h4 Kd6 27. Bd3 e5 28. dxe5+ Nxe5 29. Nxe5 Kxe5 30. f4+ Kd6 31. Ke3 a6 32. Kd4 Ne8 33. Nd2 Nc7 34. Nf3 Ne6+ 35. Ke3 Nc5 36. Ne5 Be6 37. b4 Nd7 38. Kd4 b6 39. Bxa6 Nxe5 40.
fxe5+ Kc6 41. Bd3 Bg4 42. Bc2 Be6 43. Bb3 Bg8 44. g4 Be6 45. g5 hxg5 46. hxg5 g6 47. a4 Bf7 48. a5 bxa5 49. bxa5 Be6 50. a6 Kb6 51. Bxd5 Bf5 52. Bc4 Ka7 53. e6 Kb6 54.
Ke5 Ka7 55. Kf6 Kb6 56. e7 Bd7 57. Kxg6 1-0

[Event "*** Titled Tuesday Blitz"]
[Site "Chess.com"]
[Date "2020.05.12"]
[Round "7"]
[White "Korchmar_Vasiliy"]
[Black "enriquetejedor"]
[Result "1-0"]
[WhiteElo "2643"]
[BlackElo "2471"]
[TimeControl "180+1"]
[EndTime "11:15:20 PDT"]
[Termination "Korchmar_Vasiliy won by resignation"]

1. d4 Nf6 2. Nf3 c5 3. d5 e6 4.
c4 exd5 5. cxd5 d6 6. Nc3 g6 7.
g3 Bg7 8. Bg2 O-O 9. O-O Na6 10.
Bf4 Nh5 11. Bg5 Nf6 12. e4 h6 13. Bf4 Nc7 14. e5 dxe5 15. Bxe5 Nfxd5 16. Bxg7 Kxg7 17. Qb3 Be6 18. Rad1 Nxc3 19. Qxc3+ Qf6 20. Qxc5 Na6 21. Qb5 Bxa2 22. Ne5 Nc7 23. Qa5 b6 24. Qxa2 Qxe5 25. Bxa8 Rxa8 26. Rfe1 Qh5 27. Rd7 Qf3 28. Rxc7 Re8 29.
Rxe8 Qd1+ 30. Kg2 Qd5+ 31. Qxd5 1-0

[Event "*** Titled Tuesday Blitz"]
[Site "Chess.com"]
[Date "2020.05.12"]
[Round "7"]
[White "ShieldingOff"]
[Black "rynos0411"]
[Result "0-1"]
[WhiteElo "2037"]
[BlackElo "2329"]
[TimeControl "180+1"]
[EndTime "11:15:21 PDT"]
[Termination "rynos0411 won by checkmate"]

1. d4 Nf6 2. c4 e6 3. Nf3 d5 4. Nc3 Be7 5. Bf4 O-O 6. e3 Nbd7 7. cxd5 Nxd5 8. Nxd5 exd5 9. Bd3 c5 10. O-O h6 11. Rc1 c4 12. Bb1 Nf6 13. Ne5 Bd6 14. Qf3 Qe7 15. Qg3 Nh5 16. Qf3 Nxf4 17. exf4 Bxe5 18.
dxe5 Rd8 19. Rfe1 b5 20. a4 a6 21. f5 Qg5 22. Rcd1 Bb7 23. e6 fxe6 24. fxe6 Rf8 25. Qh3 Rae8 26. Rd4 Qf6 27. Rd2 Bc8 28. Qh5 Bxe6 29.
Rde2 Bf7 30. Qh3 Bg6 31. Bxg6 Qxf2+ 32. Rxf2 Rxe1+ 33. Rf1 Rfxf1# 0-1

[Event "*** Titled Tuesday Blitz"]
[Site "Chess.com"]
[Date "2020.05.12"]
[Round "7"]
[White "Shankovskyi"]
[Black "lamomiablanca"]
[Result "1-0"]
[WhiteElo "2527"]
[BlackElo "2169"]
[TimeControl "180+1"]
[EndTime "11:15:22 PDT"]
[Termination "Shankovskyi won by resignation"]

1. e4 c5 2. Nf3 Nc6 3. Bb5 g6 4. Bxc6 dxc6 5. d3 Bg7 6. Nc3 Nf6 7. Be3 Nd7 8. Qd2 e5 9. Bh6 O-O 10. h4 Qf6 11. h5 Bxh6 12. Qxh6 Qg7 13. Qg5 f6 14.
Qg3 Re8 15. hxg6 hxg6 16. Rh2 Nf8 17. O-O-O Ne6 18. Rdh1 Nf4 19. Nd2 Be6 20. Qe3 b5 21.
g3 Nh5 22. Qxc5 Rac8 23. Rg1 a5 24. f3 a4 25. a3 Red8 26. Ne2 Rd7 27. g4 Nf4 28.
Nxf4 exf4 29. g5 Bf7 30. Rh4 Re7 31. Qxe7 1-0

[Event "*** Titled Tuesday Blitz"]
[Site "Chess.com"]
[Date "2020.05.12"]
[Round "7"]
[White "GameOverBro"]
[Black "Khamrakulov_Djurabek"]
[Result "0-1"]
[WhiteElo "2497"]
[BlackElo "2798"]
[TimeControl "180+1"]
[EndTime "11:15:23 PDT"]
[Termination "Khamrakulov_Djurabek won by resignation"]

1. e4 c6 2. Nc3 d5 3. Nf3 Bg4 4. h3 Bxf3 5. Qxf3 e6 6. a3 Nd7 7. d3 g6 8. Be2 Bg7 9. O-O Ne7 10. Qg3 Qb6 11. Nd1 O-O 12. Be3 c5 13. Rb1 Qc6 14. f3 f5 15. Bg5 Rae8 16. Nf2 e5 17. f4 fxe4 18. dxe4 exf4 19. Bxf4 dxe4 20. Bc4+ Kh8 21.
Ng4 Nf5 22. Qh2 b5 23. Be2 Nd4 24. Bd1 c4 25. c3 Nf5 26. Be2 Nc5 27. Be5 Nd3 28.
Bxg7+ Kxg7 29. Bxd3 cxd3 30. Kh1 e3 31. Ne5 Qe4 32. Ng4 e2 33. Rg1 d2 34. Qc7+ Re7 35. Qc5 Qxb1 0-1

[Event "*** Titled Tuesday Blitz"]
[Site "Chess.com"]
[Date "2020.05.12"]
[Round "7"]
[White "DinaBelenkaya"]
[Black "coalescenet"]
[Result "1-0"]
[WhiteElo "2135"]
[BlackElo "2327"]
[TimeControl "180+1"]
[EndTime "11:15:23 PDT"]
[Termination "DinaBelenkaya won by resignation"]

1. e4 c6 2. d4 d5 3. Nc3 dxe4 4. Nxe4 Bf5 5. Ng3 Bg6 6. h4 h6 7. Nf3 Nd7 8. h5 Bh7 9. Bd3 Bxd3 10. Qxd3 e6 11. Bd2 Bd6 12. O-O-O Bxg3 13. fxg3 Ngf6 14. Qe2 Qe7 15. Ne5 Rd8 16. g4 Nxe5 17. Qxe5 Qd6 18. g5 Ng4 19. Qxg7 Ke7 20. Rhf1 Rdf8 21. gxh6 Rhg8 22. Rxf7+ Rxf7 23. Qxg8 Nf6 24. Bg5 Qh2 25. Bxf6+ Rxf6 26. h7 Qf4+ 27. Kb1 Qf1 28. Rc1 Rf8 29. h8=Q Rxg8 30. Qxg8 Qf5 31. Qg7+ Kd6 32. h6 Qf2 33. h7 Qxc2+ 34. Rxc2 1-0

[Event "*** Titled Tuesday Blitz"]
[Site "Chess.com"]
[Date "2020.05.12"]
[Round "7"]
[White "bait_or_mate"]
[Black "agrigo3"]
[Result "0-1"]
[WhiteElo "2464"]
[BlackElo "2288"]
[TimeControl "180+1"]
[EndTime "11:15:25 PDT"]
[Termination "agrigo3 won by resignation"]

1. d4 d6 2. e4 Nf6 3. Nc3 g6 4. h3 Bg7 5. Be3 c6 6. a4 a5 7. g4 Na6 8. Bg2 Nb4 9. Nge2 O-O 10. O-O e5 11. Ng3 Be6 12. g5 Nd7 13. d5 cxd5 14. exd5 Bf5 15. Nxf5 gxf5 16. f4 exf4 17. Bxf4 Ne5 18.
Rb1 Ng6 19. Bg3 Qxg5 20. Bxd6 Rfd8 21. Bc7 Rd7 22. Bh2 Nh4 23. Qe2 Re7 24. Ne4 fxe4 25. Bf4 Qxg2+ 26. Qxg2 Nxg2 27. Kxg2 Nxd5 28. Bg3 Ne3+ 29.
Kf2 Nxf1 30. Kxf1 Rc8 31. c3 e3 0-1

[Event "*** Titled Tuesday Blitz"]
[Site "Chess.com"]
[Date "2020.05.12"]
[Round "7"]
[White "AndrewMaco"]
[Black "EugeneRougon"]
[Result "0-1"]
[WhiteElo "2555"]
[BlackElo "2752"]
[TimeControl "180+1"]
[EndTime "11:15:26 PDT"]
[Termination "EugeneRougon won by resignation"]

1. e4 e6 2. d4 d5 3. Nc3 Bb4 4. e5 c5 5. a3 Bxc3+ 6. bxc3 Ne7 7. Nf3 b6 8. Bb5+ Bd7 9. Bd3 Ba4 10. h4 Qc7 11. h5 h6 12. O-O Nd7 13. Re1 c4 14. Bf1 O-O-O 15. g3 Rdf8 16. Bh3 g5 17. Nh2 Kb7 18. Ng4 Nf5 19. Kh2 Ng7 20. Ne3 f5 21. exf6 Rxf6 22. Ng4 Rf7 23. Bg2 Rhf8 24. Kg1 Nxh5 25. Nxh6 Rxf2 26. Qxh5 Qxg3 0-1

[Event "*** Titled Tuesday Blitz"]
[Site "Chess.com"]
[Date "2020.05.12"]
[Round "7"]
[White "DariaVoit"]
[Black "GMaka"]
[Result "1-0"]
[WhiteElo "2545"]
[BlackElo "2361"]
[TimeControl "180+1"]
[EndTime "11:15:26 PDT"]
[Termination "DariaVoit won by resignation"]

1. d4 Nf6 2. Nf3 b5 3. e4 Nxe4 4. Bxb5 c6 5. Bd3 d5 6. O-O Bg4 7. h3 Bh5 8. Re1 Nd6 9. Bg5 Qb6 10. Nbd2 e6 11. Nb3 Nd7 12. Qe2 h6 13. Bf4 g5 14.
Bxd6 Bxf3 15. Qxf3 Bxd6 16. Bg6 O-O 17. Qh5 Kg7 18. Bd3 Nf6 19. Qf3 c5 20. dxc5 Bxc5 21. Nxc5 Qxc5 22. h4 Rab8 23. hxg5 hxg5 24. Re5 g4 25.
Rg5+ Kh6 1-0

[Event "*** Titled Tuesday Blitz"]
[Site "Chess.com"]
[Date "2020.05.12"]
[Round "7"]
[White "BhulseATX"]
[Black "CalinGheorghiu"]
[Result "0-1"]
[WhiteElo "1981"]
[BlackElo "2313"]
[TimeControl "180+1"]
[EndTime "11:15:26 PDT"]
[Termination "CalinGheorghiu won by resignation"]

1. d4 Nf6 2. Nf3 d5 3. c4 e6 4. Nc3 Bb4 5. Qa4+ Nc6 6. e3 O-O 7. a3 Bxc3+ 8. bxc3 Ne4 9. Qc2 f5 10. cxd5 exd5 11. c4 Be6 12. cxd5 Bxd5 13. Bc4 Kh8 14. Bxd5 Qxd5 15. O-O Rad8 16. Rb1 b6 17. Bd2 Rd6 18. Rfc1 Rg6 19. Qc4 Qd8 20. Bb4 Re8 21. d5 Ne5 22. Nxe5 Rxe5 23. Qxc7 Rxd5 24. Qxd8+ Rxd8 25. Rc7 a5 26. Be1 h5 27. f3 Nd2 28. Rbc1 Nxf3+ 29. Kf2 Nxe1 30. Rxe1 Rd2+ 31. Re2 Rxg2+ 32. Kxg2 Rxe2+ 33. Kf3 Rxh2 34. Rc6 Rb2 35. Kf4 h4 0-1

[Event "*** Titled Tuesday Blitz"]
[Site "Chess.com"]
[Date "2020.05.12"]
[Round "7"]
[White "Shoytan"]
[Black "GadimbayliA"]
[Result "0-1"]
[WhiteElo "2583"]
[BlackElo "2828"]
[TimeControl "180+1"]
[EndTime "11:15:27 PDT"]
[Termination "GadimbayliA won by resignation"]

1. e4 e5 2. Nf3 d5 3. Nxe5 Bd6 4. d4 dxe4 5. Nc4 Nf6 6. Nc3 O-O 7. Bg5 Nc6 8. Be2 Bf5 9. Nd5 Be7 10. Nxe7+ Qxe7 11. c3 h6 12. Bh4 Bh7 13. Qb3 Rab8 14. O-O Kh8 15. Ne3 g5 16. Bg3 Bg6 17. Rad1 b6 18.
c4 Kh7 19. Qc3 Rbd8 20. d5 Na5 21. Be5 Ng8 22. Bd4 f5 23. f4 exf3 24. Bxf3 g4 25.
Be2 f4 26. Nxg4 Qxe2 27. Rde1 Qxg4 0-1

[Event "*** Titled Tuesday Blitz"]
[Site "Chess.com"]
[Date "2020.05.12"]
[Round "7"]
[White "2L8IWUN"]
[Black "Vuk2000"]
[Result "0-1"]
[WhiteElo "2462"]
[BlackElo "2635"]
[TimeControl "180+1"]
[EndTime "11:15:27 PDT"]
[Termination "Vuk2000 won by resignation"]

1. Nf3 Nf6 2. c4 e6 3. e3 d5 4. b3 Be7 5. Bb2 O-O 6. Nc3 dxc4 7. Bxc4 b6 8. d4 Ba6 9. Bxa6 Nxa6 10. O-O c5 11. Qe2 Qc8 12. Rfd1 Qb7 13. Rac1 Rac8 14. Ne5 Rfd8 15. Qf3 Qxf3 16. Nxf3 cxd4 17. Nxd4 Nc5 18. Nce2 Nd5 19. Nf3 a5 20. Nc3 Nxc3 21. Bxc3 Rxd1+ 22. Rxd1 Nxb3 23. Bxg7 Rc1 24. Rf1 Rxf1+ 25. Kxf1 Nc1 26. Bd4 b5 27. a4 bxa4 28. Ke1 a3 29. Kd2 Nb3+ 30.
Kc2 a4 31. Bc3 a2 0-1

[Event "*** Titled Tuesday Blitz"]
[Site "Chess.com"]
[Date "2020.05.12"]
[Round "7"]
[White "javirec"]
[Black "Milchone1"]
[Result "1-0"]
[WhiteElo "2291"]
[BlackElo "2468"]
[TimeControl "180+1"]
[EndTime "11:15:27 PDT"]
[Termination "javirec won by checkmate"]

1. e4 e5 2. Nf3 Nc6 3. Bb5 Nge7 4. O-O g6 5. c3 Bg7 6. d4 exd4 7. cxd4 a6 8. Ba4 b5 9. Bb3 O-O 10. Nc3 d6 11. h3 h6 12. Re1 Na5 13. Bc2 c5 14.
Bf4 Nec6 15. dxc5 dxc5 16. Bd6 Nc4 17. Bxf8 Qxf8 18. Qc1 Be6 19. Bb3 Nd4 20. Nxd4 cxd4 21. Nd5 Rc8 22. Bxc4 bxc4 23. Qd2 d3 24. Nc3 Qb4 25. Kh2 a5 26. f4 a4 27. a3 Qb3 28. g4 Rb8 29. Rab1 Bd7 30. e5 Be6 31. Rf1 Bd7 32. Rfe1 Qc2 33. Qxc2 dxc2 34. Rbc1 Rxb2 35. Re2 Bf8 36. Rexc2 Bxa3 37. Nd5 Bc6 38. Nf6+ Kg7 39.
Rxb2 Bxb2 40. Rxc4 a3 41. Rxc6 a2 42. Rc8 a1=Q 43.
Rg8# 1-0

[Event "*** Titled Tuesday Blitz"]
[Site "Chess.com"]
[Date "2020.05.12"]
[Round "7"]
[White "Grandelicious"]
[Black "Hasangatin_Ramil"]
[Result "1-0"]
[WhiteElo "2740"]
[BlackElo "2553"]
[TimeControl "180+1"]
[EndTime "11:15:28 PDT"]
[Termination "Grandelicious won by resignation"]

1. Nf3 d5 2. g3 Nf6 3. Bg2 Bf5 4. c4 c6 5. O-O e6 6. cxd5 cxd5 7. Qb3 Qb6 8. Qxb6 axb6 9. Nc3 Nc6 10. d3 h6 11.
Nb5 Rc8 12. Be3 Bc5 13. Bxc5 bxc5 14. Nd6+ Ke7 15. Nxc8+ Rxc8 16. Rfc1 b6 17. a3 Kd6 18. b4 Ra8 19. bxc5+ bxc5 20. Ra2 e5 21. Rac2 Ra5 22. Kf1 e4 23. dxe4 Nxe4 24. Nd2 Ng5 25. Rc3 Ne6 26. e4 dxe4 27. Bxe4 Bxe4 28. Nxe4+ Kd5 29. Nd2 Ncd4 30. Nc4 Ra6 31. a4 Ng5 32. Ne3+ Ke4 33.
Rxc5 Rxa4 34. R5c4 Rxc4 35. Rxc4 Nf3 36. Kg2 Ne1+ 37. Kh1 g5 38. Nf5 Kxf5 39. Rxd4 Nf3 40. Ra4 g4 41. Rf4+ 1-0

[Event "*** Titled Tuesday Blitz"]
[Site "Chess.com"]
[Date "2020.05.12"]
[Round "7"]
[White "Diego_FloresQ"]
[Black "vinniethepooh"]
[Result "0-1"]
[WhiteElo "2447"]
[BlackElo "2623"]
[TimeControl "180+1"]
[EndTime "11:15:28 PDT"]
[Termination "vinniethepooh won by resignation"]

1. e4 c5 2. Nf3 d6 3. d4 cxd4 4. Nxd4 Nf6 5. Nc3 a6 6. Bg5 e6 7. Qe2 Be7 8. f4 h6 9. Bh4 Nxe4 10. Bxe7 Nxc3 11. Qc4 Kxe7 12. Qxc3 Bd7 13. O-O-O Nc6 14. Nxc6+ bxc6 15. Qxg7 Qb6 16. Be2 Qe3+ 17. Rd2 Rag8 18.
Qd4 Qxd4 19. Rxd4 Rxg2 20. Bxa6 Ra8 21. Bf1 Rf2 22. a3 c5 23. Rd2 Rxf4 24. Bg2 Rg8 25. Re1 Rg5 26. b3 Rh4 27. Bf3 Rf5 28. Bh1 Rhf4 29.
Kb2 Rf2 30. Ree2 Rxe2 31. Rxe2 d5 32. c4 Kd6 33. cxd5 exd5 34. a4 Rf4 35. Ka3 d4 36. a5 Rf1 0-1

[Event "*** Titled Tuesday Blitz"]
[Site "Chess.com"]
[Date "2020.05.12"]
[Round "7"]
[White "AniJak"]
[Black "ZeZacarias"]
[Result "0-1"]
[WhiteElo "2200"]
[BlackElo "2060"]
[TimeControl "180+1"]
[EndTime "11:15:28 PDT"]
[Termination "ZeZacarias won by resignation"]

1. e4 e6 2. d4 d5 3. Nd2 c5 4. exd5 Qxd5 5. Ngf3 cxd4 6. Bc4 Qd6 7. O-O Nf6 8. Nb3 Nc6 9. Nfxd4 Nxd4 10. Nxd4 a6 11. c3 Qc7 12. Bb3 Be7 13. h3 O-O 14. Qf3 b5 15.
Qxa8 Bb7 16. Qxf8+ Bxf8 17. Bg5 Nd5 18. Bh4 Bd6 19. Kh1 h6 20. f3 Bg3 21. Bxg3 Qxg3 22. Bxd5 Bxd5 23. a4 g5 24. axb5 axb5 25. Rfe1 h5 26.
Re3 g4 27. hxg4 hxg4 28. Rae1 Qh4+ 29. Kg1 g3 30. Kf1 Bc4+ 0-1

[Event "*** Titled Tuesday Blitz"]
[Site "Chess.com"]
[Date "2020.05.12"]
[Round "7"]
[White "checkmatequen"]
[Black "Andrei_Belozerov"]
[Result "0-1"]
[WhiteElo "2276"]
[BlackElo "2601"]
[TimeControl "180+1"]
[EndTime "11:15:30 PDT"]
[Termination "Andrei_Belozerov won by resignation"]

1. e4 c5 2. Nf3 d6 3. d4 cxd4 4. Nxd4 Nf6 5. Nc3 a6 6. Bg5 e6 7.
f4 Be7 8. Qf3 Qc7 9. O-O-O Nbd7 10. g4 b5 11. Bxf6 Nxf6 12. g5 Nd7 13. f5 O-O 14. Bh3 Nc5 15. f6 Bd8 16. fxg7 Kxg7 17. Qh5 b4 18. Nd5 exd5 19. Qh6+ Kg8 20. Nf5 Ne6 21.
Rhg1 dxe4 22. Rxd6 Ra7 23. g6 fxg6 24. Rxg6+ hxg6 25. Qxg6+ Kh8 26. Rxe6 Qf4+ 27. Kb1 Bxe6 28. Qg7+ Rxg7 0-1

[Event "*** Titled Tuesday Blitz"]
[Site "Chess.com"]
[Date "2020.05.12"]
[Round "7"]
[White "ZarinaShafigullina"]
[Black "bilelou"]
[Result "1-0"]
[WhiteElo "2340"]
[BlackElo "2496"]
[TimeControl "180+1"]
[EndTime "11:15:31 PDT"]
[Termination "ZarinaShafigullina won on time"]

1. d4 e6 2. Nf3 Nf6 3. g3 d5 4.
Bg2 b5 5. O-O Bb7 6. Qd3 a6 7. a4 b4 8. Bg5 Nbd7 9. c4 dxc4 10.
Qxc4 a5 11. Ne5 Bxg2 12. Kxg2 Nxe5 13. dxe5 Qd5+ 14. Qxd5 Nxd5 15. e4 Nb6 16. Rc1 c5 17.
Be3 Rc8 18. Nd2 Be7 19. Nc4 Nxc4 20. Rxc4 Rc6 21. Rac1 O-O 22. Rd1 Rfc8 23. Rd7 R8c7 24. Rxc7 Rxc7 25. b3 h5 26. h4 Kf8 27. Kh3 Ke8 28.
g4 hxg4+ 29. Kxg4 Rd7 30. h5 Rd3 31. Bxc5 Rc3 32. Bd4 Rxc4 33. bxc4 Kd7 34. f4 Kc6 35. f5 Bf8 36. Kg5 b3 37. f6 Kd7 38.
Bc3 1-0

[Event "*** Titled Tuesday Blitz"]
[Site "Chess.com"]
[Date "2020.05.12"]
[Round "7"]
[White "Playgood28"]
[Black "Mikedannnn"]
[Result "0-1"]
[WhiteElo "2255"]
[BlackElo "2468"]
[TimeControl "180+1"]
[EndTime "11:15:31 PDT"]
[Termination "Mikedannnn won by resignation"]

1. d4 c5 2. d5 g6 3. c4 Bg7 4. Nc3 d6 5. e4 e6 6. Nf3 Ne7 7. h3 h6 8. Bd3 O-O 9. O-O g5 10. dxe6 Bxe6 11. Nd5 Ng6 12. Rb1 Nc6 13. a3 g4 14.
hxg4 Bxg4 15. Be2 Bxf3 16. Bxf3 Nd4 17. b4 b6 18. Bb2 Nh4 19. Be2 Qg5 20. g3 f5 21. Kh1 fxe4 22. gxh4 Qxh4+ 23. Kg1 Nf3+ 24. Bxf3 exf3 25. Ne7+ Qxe7 26. Qd5+ Kh8 27. Rfe1 Qh4 28. Bxg7+ Kxg7 29. Re6 Rae8 30. Qxd6 Qg4+ 31. Kf1 Rxe6 0-1